 Dungeon Crawl Stone Soup version 0.30-a0-476-g330ca2eb8e (webtiles) character file.

Game seed: 11771333434509491402

256 avis the Stinger (level 6, -1/49 HPs)
             Began as a Naga Venom Mage on Dec 21, 2022.
             Shot with an arrow by a centaur (7 damage)
             ... on level 4 of the Dungeon.
             The game lasted 00:31:42 (3659 turns).

avis the Stinger (Naga Venom Mage)                  Turns: 3659, Time: 00:31:44

Health: -1/49      AC:  4    Str: 10    XL:     6   Next: 15%
Magic:  6/9        EV:  9    Int: 18    God:
Gold:   158        SH:  0    Dex: 11    Spells: 3/9 levels left

rFire   . . .      SeeInvis +    b - +0 club (spect)
rCold   . . .      Faith    .    (no shield)
rNeg    . . .      Spirit   .    r - +0 robe
rPois   +          Reflect  .    s - +0 helmet
rElec   .          Harm     .    (no cloak)
rCorr   .          Rampage  .    (no gloves)
Will    .....                    (no barding)
Stlth   ++........               (no amulet)
HPRegen 0.28/turn                d - ring of wizardry
MPRegen 0.11/turn                x - ring of wizardry

@: very slow
A: AC +2, large, see invisible, deformed body, poison resistance, slowness 2,
spit poison 1, naga tail 1
a: Spit Poison


You were on level 4 of the Dungeon.
You visited 1 branch of the dungeon, and saw 4 of its levels.

You collected 158 gold pieces.

Inventory:

Hand Weapons
 a - a +0 short sword of venom
 b - a +0 spectral club (weapon)
 k - a +0 sling
Missiles
 j - 6 curare-tipped darts
 n - 2 poisoned darts
Armour
 r - a +0 robe (worn)
 s - a +0 helmet (worn)
Jewellery
 d - a ring of wizardry (left hand)
 x - a ring of wizardry (right hand)
Wands
 u - a wand of charming (5)
 v - a wand of polymorph (8)
Scrolls
 c - 2 scrolls of fear {unknown}
 f - 2 scrolls of enchant weapon {unknown}
 g - 2 scrolls of fog {unknown}
 h - a scroll of poison {unknown}
 i - 2 scrolls of teleportation {unknown}
 o - 2 scrolls of enchant armour {unknown}
 q - a scroll of vulnerability {unknown}
 t - 3 scrolls of silence {unknown}
Potions
 e - 2 potions of heal wounds {unknown}
 l - 2 potions of curing
 m - a potion of haste {unknown}
 p - a potion of brilliance {unknown}
 w - 2 potions of magic


   Skills:
 - Level 1.5 Dodging
 + Level 3.3 Stealth
 - Level 2.0 Spellcasting
 * Level 2.0 Conjurations
 - Level 1.0 Transmutations
 - Level 4.0 Air Magic
 - Level 6.0 Poison Magic


You had 3 spell levels left.
You knew the following spells:

 Your Spells              Type           Power      Damage    Failure   Level
a - Sting                 Tmut/Pois      56%        1d5       1%          1
i - Poisonous Vapours     Pois/Air       38%        N/A       1%          2
m - Mephitic Cloud        Conj/Pois/Air  16%        N/A       3%          3

Your spell library contained the following spells:

 Spells                   Type           Power      Damage    Failure   Level
 Cigotuvi's Dreadful Rot  Necr/Pois/Air  26%        N/A       1%          2
 Necrotise                Necr           4%         1d4       5%          1
 Ignite Poison            Fire/Tmut/Pois 10%        N/A       5%          3
 Kindle Blastsparks       Fire/Tloc/Air  12%        2d11      9%          3
 Vampiric Draining        Necr           1%         2d6       14%         3
 Olgreb's Toxic Radiance  Pois           23%        N/A       4%          4
 Freezing Cloud           Conj/Ice/Air   4%         6-21      45%         5
 Agony                    Necr           1%         N/A       73%         5


Dungeon Overview and Level Annotations

Branches:
Dungeon (4/15)
 Temple: D:4-7

Altars:
Gozag
Qazlal

Shops:
D:4 :

Annotations:
D:4 1 runed translucent door, Taurus's ghost, amateur MiFi


Innate Abilities, Weirdness & Mutations

Your serpentine skin is tough. (AC +2)
You have supernaturally acute eyesight. (SInv)
Armour fits poorly on your strangely shaped body.
Your system is resistant to poisons. (rPois)
You cover ground very slowly.
You can spit poison.
You have a snake-like lower body.


Message History

The phantom hits you but does no damage.
You barely miss the phantom.
The phantom is moderately damaged.
Your +0 spectral club hits the phantom!
The centaur shouts!
The centaur wields a +0 shortbow.
The centaur shoots an arrow.
The arrow hits your +0 spectral club.
Your spectral weapon shares its damage with you!
The phantom hits you.
The centaur shoots an arrow.
The arrow closely misses your +0 spectral club.
The arrow hits you.
You barely miss the phantom.
The phantom is heavily damaged.
Your +0 spectral club hits the phantom.
The centaur shoots an arrow.
The arrow hits your +0 spectral club!
Your spectral weapon shares its damage with you!
The phantom hits you.
The centaur shoots an arrow.
The arrow hits you.
Casting: Mephitic Cloud (dangerous; 3% risk of failure)
Confirm with . or Enter, or press ? or * to list all spells.
You can't see any susceptible monsters within range! (Use Z to cast anyway.)
You hit the phantom.
The phantom is severely damaged.
Your +0 spectral club hits the phantom.
The phantom barely misses you.
The centaur shoots an arrow.
The arrow hits you!
* * * LOW HITPOINT WARNING * * *
A jackal comes into view.
The phantom hits you.
* * * LOW HITPOINT WARNING * * *
It was a potion of curing.
You feel better.
The centaur shoots an arrow.
The arrow barely misses you. The phantom hits you.
* * * LOW HITPOINT WARNING * * *
Casting: Mephitic Cloud (dangerous; 3% risk of failure)
Confirm with . or Enter, or press ? or * to list all spells.
Aiming: Mephitic Cloud (dangerous; 3% risk of failure)
Press: ? - help, Shift-Dir - straight line The ball explodes into a vile cloud!
The stinking cloud engulfs the centaur but does no damage.
The centaur shoots an arrow.
The arrow barely misses you. The phantom barely misses you.
The centaur shoots an arrow.
The arrow hits you!
You die...

#.......#
#......## ~~~~
#......# ~~~
#......# ≈~.
#.......# ≈~
#.......## #.## #
#.........#...#...
#.................
#.........@....)..
#.......§W........
#.......§.§.......
.....§.#○☼.#...
.....## #○## .#
#.... ☼c ~ ....
~~. .... ~~~~


You could see a phantom and a centaur.

Vanquished Creatures
  A bullfrog (D:3)
  Ijyb (D:4)
  Jessica (D:3)
  2 iguanas (D:3)
  4 adders
  6 orcs
  3 endoplasms
  2 giant cockroaches (D:2)
  4 goblins
  2 hobgoblins (D:1)
  5 jackals
  2 quokkas
  3 ball pythons
  3 bats
  2 frilled lizards (D:2)
  2 kobolds (D:1)
  2 rats (D:1)
45 creatures vanquished.

Vanquished Creatures (others)
  13 plants (D:4)
13 creatures vanquished.

Grand Total: 58 creatures vanquished

Notes
Turn   | Place    | Note
-------+----------+-------------------------------------------
     0 | D:1      | avis the Naga Venom Mage began the quest for the Orb.
     0 | D:1      | Reached XP level 1. HP: 15/15 MP: 3/3
   293 | D:1      | Reached XP level 2. HP: 22/22 MP: 5/5
  1007 | D:2      | Reached skill level 5 in Poison Magic
  1105 | D:2      | Found a stormy altar of Qazlal.
  1117 | D:2      | Reached XP level 3. HP: 28/28 MP: 2/6
  1709 | D:3      | Learned a level 2 spell: Poisonous Vapours
  1713 | D:3      | Learned a level 3 spell: Mephitic Cloud
  1717 | D:3      | Noticed Jessica
  1721 | D:3      | Killed Jessica
  1722 | D:3      | Reached skill level 1 in Air Magic
  1722 | D:3      | Reached skill level 6 in Poison Magic
  1722 | D:3      | Reached XP level 4. HP: 36/36 MP: 1/7
  1796 | D:3      | Noticed a bullfrog
  1802 | D:3      | Killed a bullfrog
  1803 | D:3      | Reached XP level 5. HP: 35/42 MP: 0/8
  2012 | D:3      | Found an opulent altar of Gozag.
  2705 | D:4      | Found Yvvened's Vocational Training.
  2961 | D:3      | Reached skill level 1 in Conjurations
  3171 | D:4      | Reached XP level 6. HP: 49/49 MP: 6/9
  3367 | D:4      | Found a runed translucent door.
  3367 | D:4      | Noticed Taurus's ghost (amateur MiFi)
  3454 | D:4      | Noticed Ijyb
  3495 | D:4      | Killed Ijyb
  3659 | D:4      | Shot with an arrow by a centaur

Illustrated notes

Levels and vault maps discovered:
D:1:      psy_arrival_radial02, layout_basic, serial_bayou_ford_a
D:2:      layout_rooms, basic_altar
D:3:      layout_basic, mainiacjoe_overflow_alcove_4, uniq_jessica
D:4:      wad_lake_hut, layout_basic, ebering_ghost_reflecting_pool,
          mrwooster_statue_mirror, nicolae_shop_vocational, uniq_ijyb

Skill      XL: |  1  2  3  4  5  6 |
---------------+-------------------+-----
Poison Magic   | 5 6 |  6.0
Air Magic      | 1 3 4 |  4.0
Conjurations   | 1 2 |  2.0
Dodging        | |  1.5
Stealth        | |  3.3
Spellcasting   | |  2.0
Transmutations | |  1.0

Action                   |  1- 3 |  4- 6 || total
-------------------------+-------+-------++-------
Melee: Short sword       |     2 |    14 ||    16
       Club              |       |     6 ||     6
 Cast: Sting             |    19 |    31 ||    50
       Poisonous Vapours |     2 |    22 ||    24
       Mephitic Cloud    |       |     6 ||     6
 Abil: Spit Poison       |    21 |    14 ||    35
  Use: Potion            |       |     1 ||     1
 Stab: Sleeping          |       |     1 ||     1
Armor: Robe              |     2 |    13 ||    15
Dodge: Dodged            |     4 |    17 ||    21

Table legend: (Time is in decaauts)
 A = Elapsed time spent in this place.
 B = Non-inter-level travel time spent in this place.
 C = Inter-level travel time spent in this place.
 D = Time resting spent in this place.
 E = Time spent auto-exploring this place.
 F = Levels seen in this place.
 G = Mean time per level.
                   A        B        C        D        E       F      G
               +--------+--------+--------+--------+--------+-----+--------+
         Total |   4580 |   4138 |    442 |   1068 |   2388 |   4 | 1145.0 |
       Dungeon |   4580 |   4138 |    442 |   1068 |   2388 |   4 | 1145.0 |
               +--------+--------+--------+--------+--------+-----+--------+

Top non-repeatable levels by time:
     D:3: 1756 daAuts
     D:1: 1319 daAuts
     D:2: 795 daAuts
     D:4: 709 daAuts
